MLB
CHICAGO WHITE SOX @ BOSTON RED SOX
02/29/2044
 
TOP OF THE 1ST
Chicago White Sox batting - Pitching for Boston Red Sox : RHP Justin Whitesack
Pitching: RHP Justin Whitesack
Batting: SHB Dan Lash 0-0: Foul Ball, location: 2F
0-1: Ball
1-1: Ball
2-1: Ground out U3 (Groundball, 3S, EV 76.9 MPH)
Batting: RHB Roger Salazar 0-0: Ball
1-0: Called Strike
1-1: Ball
2-1: Ball
3-1: Fly out, F8 (Flyball, 89D, EV 99.4 MPH)
Batting: LHB Jack Christie 0-0: Called Strike
0-1: Called Strike
0-2: Ball
1-2: Foul Ball, location: 2F
1-2: Ground out U3 (Groundball, 3S, EV 85.6 MPH)
Top of the 1st over - 0 runs, 0 hits, 0 errors, 0 left on base; Chicago 0 - Boston 0
BOTTOM OF THE 1ST
Boston Red Sox batting - Pitching for Chicago White Sox : LHP Jaden Asante
Pitching: LHP Jaden Asante
Batting: SHB Robbie Rogers 0-0: Called Strike
0-1: Foul Ball, location: 2F
0-2: Strikes out looking
Batting: RHB Scott Treider 0-0: Foul Ball, location: 2F
0-1: Ball
1-1: SOLO HOME RUN (Flyball, 7D, EV 96.3 MPH), Distance : 399 ft
Batting: LHB Kevin McCormic Jr. 0-0: Ball
1-0: Called Strike
1-1: DOUBLE (Line Drive, 78XD, EV 104.4 MPH)
Batting: RHB Chris Lane 0-0: Ball
1-0: Ball
2-0: Ball
3-0: Base on Balls
Batting: RHB Marty King 0-0: Ball
1-0: Foul Ball, location: 2F
1-1: Ball
2-1: Ground out 6-3 (Groundball, P, EV 81.3 MPH)
Kevin McCormic Jr. to third
Chris Lane to second
Batting: RHB Won-jun Park 0-0: Fly out, F8 (Flyball, 78S, EV 73.1 MPH)
Bottom of the 1st over - 1 run, 2 hits, 0 errors, 2 left on base; Chicago 0 - Boston 1
TOP OF THE 2ND
Chicago White Sox batting - Pitching for Boston Red Sox : RHP Justin Whitesack
Batting: LHB Brian Feher 0-0: Ball
1-0: Ground out 2-3 (Groundball, 15S, EV 75.6 MPH)
Batting: RHB Rocky Campbell 0-0: Ball
1-0: Ball
2-0: Ball
3-0: Hit by Pitch
Batting: RHB Steve Castleberry 0-0: Called Strike
0-1: Ball
1-1: Swinging Strike
1-2: Strikes out swinging
Batting: RHB Jason Moss 0-0: Ball
Balk!
Rocky Campbell to second
1-0: Ball
2-0: Swinging Strike
2-1: Swinging Strike
2-2: Ball
3-2: Foul Ball, location: 2F
3-2: Fly out, F8 (Flyball, 89D, EV 98.1 MPH)
Top of the 2nd over - 0 runs, 0 hits, 0 errors, 1 left on base; Chicago 0 - Boston 1
BOTTOM OF THE 2ND
Boston Red Sox batting - Pitching for Chicago White Sox : LHP Jaden Asante
Batting: RHB Reilly Hawkins 0-0: Foul Ball, location: 2F
0-1: Ball
1-1: Swinging Strike
1-2: Strikes out swinging
Batting: RHB Garry Hash 0-0: Called Strike
0-1: Ball
1-1: Called Strike
1-2: Foul Ball, location: 2F
1-2: Strikes out swinging
Batting: SHB Brace Harper 0-0: Called Strike
0-1: Ball
1-1: Swinging Strike
1-2: Ball
2-2: DOUBLE (Flyball, 78XD, EV 103.8 MPH)
Batting: SHB Robbie Rogers 0-0: Ball
1-0: Called Strike
1-1: Ball
2-1: Ball
3-1: Base on Balls
Batting: RHB Scott Treider 0-0: Called Strike
0-1: Ball
1-1: Called Strike
1-2: Fly out, F3 (Popup, 34S, EV 84.4 MPH)
Bottom of the 2nd over - 0 runs, 1 hit, 0 errors, 2 left on base; Chicago 0 - Boston 1
TOP OF THE 3RD
Chicago White Sox batting - Pitching for Boston Red Sox : RHP Justin Whitesack
Batting: RHB Bobby Scholl 0-0: Ball
1-0: Called Strike
1-1: Ball
2-1: Foul Ball, location: 2F
2-2: Ball
3-2: Foul Ball, location: 2F
3-2: Fly out, F6 (Flyball, 6D, EV 94.4 MPH)
Batting: RHB Leo Navarro 0-0: SINGLE (Line Drive, 78S, EV 98.1 MPH)
Batting: SHB Dan Lash 0-0: Ball
1-0: SINGLE (Groundball, 6S, EV 73.8 MPH) (infield hit)
Leo Navarro to second
Batting: RHB Roger Salazar 0-0: Swinging Strike
0-1: Ball
Wild Pitch!
Leo Navarro to third
Dan Lash to second
1-1: Foul Ball, location: 2F
1-2: Ball
2-2: Ball
3-2: Foul Ball, location: 2F
3-2: Strikes out swinging
Batting: LHB Jack Christie 0-0: Ball
1-0: Called Strike
1-1: DOUBLE (Flyball, 8RXD, EV 105.6 MPH)
Leo Navarro scores
Dan Lash scores
Batting: LHB Brian Feher 0-0: Called Strike
0-1: Ball
1-1: Foul Ball, location: 2F
1-2: Ground out 3-1 (Groundball, 34S, EV 88.8 MPH)
Top of the 3rd over - 2 runs, 3 hits, 0 errors, 1 left on base; Chicago 2 - Boston 1
BOTTOM OF THE 3RD
Boston Red Sox batting - Pitching for Chicago White Sox : LHP Jaden Asante
Batting: LHB Kevin McCormic Jr. 0-0: Ball
1-0: Ball
2-0: Ball
3-0: Base on Balls
Batting: RHB Chris Lane 0-0: Ball
1-0: Called Strike
1-1: Foul Ball, location: 2F
1-2: Strikes out swinging
Batting: RHB Marty King 0-0: Ball
1-0: Ball
2-0: Called Strike
2-1: SINGLE (Groundball, 6MD, EV 98.8 MPH)
Kevin McCormic Jr. to second
Batting: RHB Won-jun Park 0-0: Ball
1-0: 3-RUN HOME RUN (Flyball, 7D, EV 97.5 MPH), Distance : 395 ft
Batting: RHB Reilly Hawkins 0-0: Bunt for hit to 3S - play at first, batter OUT! 3-4
Batting: RHB Garry Hash 0-0: Foul Ball, location: 2F
0-1: Ball
1-1: Hit by Pitch
Batting: SHB Brace Harper 0-0: Ball
1-0: Ball
Wild Pitch!
Garry Hash to second
2-0: Ball
3-0: Base on Balls
Batting: SHB Robbie Rogers 0-0: Ball
1-0: Ground out U3 (Groundball, 34, EV 92.5 MPH)
Bottom of the 3rd over - 3 runs, 2 hits, 0 errors, 2 left on base; Chicago 2 - Boston 4
TOP OF THE 4TH
Chicago White Sox batting - Pitching for Boston Red Sox : RHP Justin Whitesack
Batting: RHB Rocky Campbell 0-0: Ball
1-0: Called Strike
1-1: Ball
2-1: Fly out, F8 (Flyball, 89D, EV 91.9 MPH)
Batting: RHB Steve Castleberry 0-0: Ball
1-0: Called Strike
1-1: Called Strike
1-2: Strikes out swinging
Batting: RHB Jason Moss 0-0: Ball
1-0: Ball
2-0: Foul Ball, location: 2F
2-1: Foul Ball, location: 2F
2-2: Foul Ball, location: 2F
2-2: Ball
3-2: Foul Ball, location: 2F
3-2: Base on Balls
Batting: RHB Bobby Scholl 0-0: Ball
1-0: Called Strike
1-1: Ball
2-1: Foul Ball, location: 2F
2-2: Fly out, F8 (Flyball, 8RD, EV 96.9 MPH)
Top of the 4th over - 0 runs, 0 hits, 0 errors, 1 left on base; Chicago 2 - Boston 4
BOTTOM OF THE 4TH
Boston Red Sox batting - Pitching for Chicago White Sox : LHP Jaden Asante
Batting: RHB Scott Treider 0-0: Ball
1-0: Foul Ball, location: 2F
1-1: Foul Ball, location: 2F
1-2: Ball
2-2: Foul Ball, location: 2F
2-2: Ground out U3 (Groundball, 3, EV 97.5 MPH)
Batting: LHB Kevin McCormic Jr. 0-0: Ball
1-0: Ball
2-0: Ball
3-0: Base on Balls
Batting: RHB Chris Lane 0-0: Ball
1-0: Foul Ball, location: 2F
1-1: Called Strike
1-2: SINGLE (Groundball, 56D, EV 105.6 MPH)
Kevin McCormic Jr. to second
Batting: RHB Marty King 0-0: Grounds into double play, 1-6-3 (Groundball, 34S, EV 60.6 MPH)
Bottom of the 4th over - 0 runs, 1 hit, 0 errors, 1 left on base; Chicago 2 - Boston 4
TOP OF THE 5TH
Chicago White Sox batting - Pitching for Boston Red Sox : RHP Justin Whitesack
Pitching: RHP Danny Klomp
Batting: RHB Leo Navarro 0-0: Called Strike
0-1: Fly out, F8 (Flyball, 8LD, EV 85.0 MPH)
Batting: SHB Dan Lash 0-0: Ball
1-0: Ball
2-0: Foul Ball, location: 2F
2-1: Ground out 5-3 (Groundball, 56, EV 90.0 MPH)
Batting: RHB Roger Salazar 0-0: Ball
1-0: Swinging Strike
1-1: Foul Ball, location: 2F
1-2: Strikes out swinging
Top of the 5th over - 0 runs, 0 hits, 0 errors, 0 left on base; Chicago 2 - Boston 4
BOTTOM OF THE 5TH
Boston Red Sox batting - Pitching for Chicago White Sox : LHP Jaden Asante
Pitching: RHP Jorge Mora
Batting: RHB Won-jun Park 0-0: Ball
1-0: Fly out, F9 (Flyball, 9S, EV 89.4 MPH)
Batting: RHB Reilly Hawkins 0-0: Foul Ball, location: 2F
0-1: Foul Ball, location: 2F
0-2: Strikes out swinging
Batting: RHB Garry Hash 0-0: Called Strike
0-1: Ball
1-1: Ground out 6-3 (Groundball, 6, EV 101.3 MPH)
Bottom of the 5th over - 0 runs, 0 hits, 0 errors, 0 left on base; Chicago 2 - Boston 4
TOP OF THE 6TH
Chicago White Sox batting - Pitching for Boston Red Sox : RHP Danny Klomp
Batting: LHB Jack Christie 0-0: Foul Ball, location: 2F
0-1: DOUBLE (Line Drive, 5D, EV 99.4 MPH)
Batting: LHB Brian Feher 0-0: Called Strike
0-1: Ball
1-1: Foul Ball, location: 2F
1-2: Strikes out swinging
Batting: RHB Rocky Campbell 0-0: Ball
1-0: Ball
2-0: Called Strike
2-1: Fly out, F9 (Flyball, 9D, EV 78.1 MPH)
Runner from 2nd tags up, SAFE at 3rd, no throw by RF
Batting: RHB Steve Castleberry 0-0: Foul Ball, location: 2F
0-1: Swinging Strike
0-2: Ball
1-2: Ball
2-2: Strikes out swinging
Top of the 6th over - 0 runs, 1 hit, 0 errors, 1 left on base; Chicago 2 - Boston 4
BOTTOM OF THE 6TH
Boston Red Sox batting - Pitching for Chicago White Sox : RHP Jorge Mora
Batting: SHB Brace Harper 0-0: Called Strike
0-1: Foul Ball, location: 2F
0-2: Ball
1-2: Ball
2-2: SINGLE (Groundball, 34D, EV 104.4 MPH) (infield hit)
Batting: SHB Robbie Rogers 0-0: Ball
1-0: Fly out, F8 (Line Drive, 8RM, EV 98.1 MPH)
Pitching: LHP Joel Campbell
Pinch Hitting: LHB Shoichi Aso 0-0: Called Strike
0-1: Called Strike
0-2: Foul Ball, location: 2F
0-2: Ball
1-2: Ball
2-2: Strikes out swinging
Batting: LHB Kevin McCormic Jr. 0-0: Foul Ball, location: 2F
0-1: Ball
1-1: Ball
Brace Harper is caught stealing 2nd base 2-6
Bottom of the 6th over - 0 runs, 1 hit, 0 errors, 0 left on base; Chicago 2 - Boston 4
TOP OF THE 7TH
Chicago White Sox batting - Pitching for Boston Red Sox : RHP Danny Klomp
Pitching: RHP Max Blankenship
Now in CF: Shoichi Aso
Batting: RHB Jason Moss 0-0: Called Strike
0-1: Fly out, F9 (Line Drive, 9, EV 93.8 MPH)
Pinch Hitting: SHB Cesar Herrera 0-0: Called Strike
0-1: DOUBLE (Line Drive, 9LM, EV 104.4 MPH)
Batting: RHB Leo Navarro 0-0: Ball
1-0: Foul Ball, location: 2F
1-1: SINGLE (Groundball, 4D, EV 97.5 MPH)
Cesar Herrera to third
Runner from 3rd tries for Home, SAFE, throw by CF to home
Pinch Hitting: RHB Jeff Brower 0-0: Ball
1-0: Ball
2-0: Foul Ball, location: 2F
2-1: Ball
3-1: Grounds out, U3 (Groundball, 3L, EV 108.1 MPH)
Pinch Hitting: LHB Antonio Figueroa 0-0: Swinging Strike
0-1: Ball
1-1: SINGLE (Line Drive, 6D, EV 98.1 MPH)
Leo Navarro to third
Batting: LHB Randy Rosenberry 0-0: Called Strike
0-1: Ball
1-1: Ball
2-1: Swinging Strike
2-2: Strikes out swinging
Top of the 7th over - 1 run, 3 hits, 0 errors, 2 left on base; Chicago 3 - Boston 4
BOTTOM OF THE 7TH
Boston Red Sox batting - Pitching for Chicago White Sox : LHP Joel Campbell
Now at 1B: Jeff Brower
Now at 2B: Antonio Figueroa
Now at SS: Cesar Herrera
Batting: LHB Kevin McCormic Jr. 0-0: Called Strike
0-1: Ball
1-1: Ground out U3 (Groundball, 34, EV 80.6 MPH)
Batting: RHB Chris Lane 0-0: Ball
1-0: Foul Ball, location: 2F
1-1: Foul Ball, location: 2F
1-2: DOUBLE (Line Drive, 9LS, EV 95.6 MPH)
Pinch Hitting: LHB Ernesto Cedillos 0-0: Foul Ball, location: 2F
0-1: Ball
1-1: Called Strike
1-2: Ball
2-2: SINGLE (Groundball, 34D, EV 104.4 MPH)
Chris Lane to third
Runner from 3rd tries for Home, SAFE, throw by RF to home
Batting: RHB Won-jun Park 0-0: Called Strike
0-1: Swinging Strike
0-2: Foul Ball, location: 2F
0-2: Ball
Wild Pitch!
Ernesto Cedillos to second
1-2: SINGLE (Groundball, 6MD, EV 96.3 MPH)
Ernesto Cedillos to third
Runner from 3rd tries for Home, SAFE, throw by CF to home
Pinch Hitting: SHB Rich Chavez 0-0: Called Strike
0-1: Ball
1-1: Foul Ball, location: 2F
1-2: Ball
2-2: Ground out 5-3 (Groundball, 56, EV 103.1 MPH)
Won-jun Park to second
Pinch Hitting: LHB Xavier Pittman 0-0: Intentional Walk
Batting: SHB Brace Harper 0-0: Called Strike
0-1: Fly out, F4 (Popup, 4D, EV 61.3 MPH)
Bottom of the 7th over - 2 runs, 3 hits, 0 errors, 2 left on base; Chicago 3 - Boston 6
TOP OF THE 8TH
Chicago White Sox batting - Pitching for Boston Red Sox : RHP Max Blankenship
Pitching: RHP T.J. Balko
Now at 1B: Ernesto Cedillos
Now at 2B: Xavier Pittman
Now at 3B: Rich Chavez
Now in CF: Nick Esteves
Now in RF: Shoichi Aso
Pinch Hitting: LHB Juan Concepcion 0-0: Ball
1-0: Ball
2-0: Called Strike
2-1: Called Strike
2-2: Ball
3-2: Ground out 6-3 (Groundball, 4, EV 102.5 MPH)
Batting: RHB Rocky Campbell 0-0: Ball
1-0: Ball
2-0: Foul Ball, location: 2F
2-1: Fly out, F9 (Flyball, 9, EV 83.8 MPH)
Pinch Hitting: LHB Sonny Flood 0-0: Ball
1-0: Called Strike
1-1: SINGLE (Groundball, 34D, EV 96.3 MPH)
Pinch Hitting: LHB Mike Kara 0-0: Called Strike
0-1: Ground out 5-3 (Groundball, 6S, EV 67.5 MPH)
Top of the 8th over - 0 runs, 1 hit, 0 errors, 1 left on base; Chicago 3 - Boston 6
BOTTOM OF THE 8TH
Boston Red Sox batting - Pitching for Chicago White Sox : LHP Joel Campbell
Pitching: RHP Kurt Vitta
Now in LF: Mike Kara
Now in CF: Sonny Flood
Now in RF: Juan Concepcion
Batting: SHB Robbie Rogers 0-0: Ball
1-0: TRIPLE (Line Drive, 8LXD, EV 103.1 MPH)
Batting: LHB Shoichi Aso 0-0: Ball
1-0: Ground out 5-3 (Groundball, 56, EV 89.4 MPH)
Robbie Rogers scores
Batting: RHB Nick Esteves 0-0: Ground out 3-1 (Groundball, 13, EV 83.8 MPH)
Pinch Hitting: SHB Mark Rennie 0-0: Ball
1-0: Ball
2-0: Called Strike
2-1: Ground out 4-3 (Groundball, 4, EV 90.0 MPH)
Bottom of the 8th over - 1 run, 1 hit, 0 errors, 0 left on base; Chicago 3 - Boston 7
TOP OF THE 9TH
Chicago White Sox batting - Pitching for Boston Red Sox : RHP T.J. Balko
Now in LF: Mark Rennie
Batting: SHB Cesar Herrera 0-0: Swinging Strike
0-1: Ball
1-1: Ball
2-1: Foul Ball, location: 2F
2-2: Foul Ball, location: 2F
2-2: Fly out, F9 (Flyball, 9LS, EV 90.6 MPH)
Pinch Hitting: RHB Darwin Mills 0-0: Called Strike
0-1: Ball
1-1: Ball
2-1: Foul Ball, location: 2F
2-2: Ball
3-2: Foul Ball, location: 2F
3-2: Strikes out swinging
Batting: RHB Jeff Brower 0-0: Ball
1-0: Foul Ball, location: 2F
1-1: Ball
2-1: Swinging Strike
2-2: Strikes out swinging
Top of the 9th over - 0 runs, 0 hits, 0 errors, 0 left on base; Chicago 3 - Boston 7
Thursday, March 31st , 2022 - OOTP Baseball 22.12 Build 89